 Dungeon Crawl Stone Soup version 0.23.2-33-g5129a83184 (webtiles) character file.

Game seed: 8912246119487927206

585 AarnesTheHuman the Gusty (level 7, -2/54 HPs)
             Began as a Tengu Air Elementalist on July 31, 2019.
             Slain by a sky beast (4 damage)
             ... on level 5 of the Dungeon.
             The game lasted 00:13:22 (4675 turns).

AarnesTheHuman the Gusty (Tengu Air Elementalist)   Turns: 4675, Time: 00:13:23

Health: -2/54      AC:  4    Str: 13    XL:     7   Next: 37%
Magic:  21/21      EV: 17    Int: 17    God:
Gold:   166        SH:  0    Dex: 17    Spells: 6/14 levels left

rFire    . . .     SeeInvis .   b - +1 short sword
rCold    . . .     Gourm    .   (no shield)
rNeg     . . .     Faith    .   r - +0 leather armour
rPois    .         Spirit   .   (helmet restricted)
rElec    .         Reflect  .   (no cloak)
rCorr    .         Harm     .   k - +0 pair of gloves
MR       .....     Clarity  +   (boots unavailable)
Stlth    ..........             (no amulet)
HPRegen  0.18/turn              e - ring of magical power
MPRegen  0.17/turn              (no ring)

@: berserking, flying quickly and evasively, very quick
A: beak, talons 3, agile 1, clarity, low mp 1, screaming 1, able to fly
a: Stop Flying


You were on level 5 of the Dungeon.
You were not hungry.

You visited 1 branch of the dungeon, and saw 5 of its levels.

You collected 166 gold pieces.

Inventory:

Hand Weapons
 b - a +1 short sword (weapon)
Armour
 a - a +0 robe
 k - a +0 pair of gloves (worn)
 n - a +1 scale mail of poison resistance
 r - a +0 leather armour (worn)
Magical Staves
 i - an uncursed staff of conjuration {unknown}
Jewellery
 e - a ring of magical power (left hand)
Scrolls
 g - a scroll of enchant weapon
 l - a scroll of identify
 o - a scroll of fog
 q - a scroll of blinking {unknown}
Potions
 d - 2 potions of degeneration
 f - a potion of curing
 h - a potion of cancellation
 j - 2 potions of lignification
 m - 2 potions of mutation
 p - a potion of might
Comestibles
 c - 18 rations
 t - 2 chunks of flesh


   Skills:
 + Level 4.6 Dodging
 - Level 2.0 Stealth
 + Level 4.0 Spellcasting
 + Level 5.1 Conjurations
 + Level 6.3 Air Magic


You had 6 spell levels left.
You knew the following spells:

 Your Spells              Type           Power        Failure   Level  Hunger
a - Shock                 Conj/Air       ###.         1%          1    None
b - Static Discharge      Conj/Air       ###.....     5%          3    ###....
c - Airstrike             Air            ####......   14%         4    ####...

Your spell library contained the following spells:

 Spells                   Type           Power        Failure   Level  Hunger
 Swiftness                Chrm/Air       ##......     9%          2    ##.....
 Corona                   Hex            #......      21%         1    None
 Dazzling Spray           Conj/Hex       ##....       21%         3    ###....
 Ensorcelled Hibernation  Hex/Ice        #.....       30%         2    ##.....
 Lightning Bolt           Conj/Air       ###.......   45%         5    ######.
 Confuse                  Hex            #.......     52%         3    ###....
 Tukima's Dance           Hex            #.......     52%         3    ###....


Dungeon Overview and Level Annotations

Branches:
Dungeon (5/15)
 Temple: D:4-7

Altars:
Dithmenos
Fedhas
Xom

Annotations:
D:2 1 exclusion


Innate Abilities, Weirdness & Mutations

You have a beak for a mouth.
You have claws for feet.
You can fly continuously.
You are agile. (Dex +2)
You possess an exceptional clarity of mind.
Your magical capacity is low. (-10% MP)
You occasionally shout uncontrollably at your foes.


Message History

* * * LOW HITPOINT WARNING * * *
You hit the sky beast. Your kick misses the sky beast.
The sky beast is almost dead.
The sky beast hits you.
* * * LOW HITPOINT WARNING * * *
The sky beast shocks you.
* * * LOW HITPOINT WARNING * * *
It was a potion of mutation.
You feel extremely strange.
You feel the urge to shout.
You feel less energetic.
You feel agile.
Your thoughts seem clearer.
The sky beast barely misses you.
It was a potion of berserk rage.
A red film seems to cover your vision as you go berserk!
You feel yourself moving faster!
You feel mighty!
The sky beast flickers out of sight!
Deactivating autopickup; reactivate with Ctrl-A.
Something barely misses you.
You completely miss something. You miss something. Your kick misses something.
Something hits you.
You die...

#.#.#... ..#.#..# ##.###
.<#.#..##########....#
.(#.#..##.......#....#
....#..##.#####.#....#
.......##.#....รท#....#
#.#.......#.....#..!.#
#.....#####.....#....#
....... ........@{...#
.........................
..#########.............#
..# #...........?.# ..#
#.............. ..#
#.....#####+#..
..#########.....# .
.............###
..#..........#


There were no monsters in sight!

Vanquished Creatures
  Eustachio (D:4)
  A scorpion (D:4)
  A crimson imp (D:5)
  A bullfrog zombie (D:5)
  A jelly (D:2)
  A hound (D:4)
  An orc wizard (D:5)
  2 iguanas
  2 worker ants
  A mummy (D:4)
  A howler monkey zombie (D:5)
  2 adders
  An ooze (D:2)
  An adder skeleton (D:5)
  4 worms
  A dart slug (D:1)
  4 leopard geckos
  9 orcs
  4 bats
  4 giant cockroaches
  4 goblins
  6 hobgoblins
  3 jackals (D:3)
  5 quokkas
  15 frilled lizards
  10 kobolds
  A leopard gecko zombie (D:5)
  7 rats
94 creatures vanquished.

Notes
Turn   | Place    | Note
-------+----------+-------------------------------------------
     0 | D:1      | AarnesTheHuman the Tengu Air Elementalist began the quest
                  | for the Orb.
     0 | D:1      | Reached XP level 1. HP: 10/10 MP: 4/4
   163 | D:1      | Reached XP level 2. HP: 15/15 MP: 0/6
   581 | D:1      | Reached XP level 3. HP: 19/19 MP: 0/7
   586 | D:1      | Learned a level 3 spell: Static Discharge
  1198 | D:2      | Reached XP level 4. HP: 24/24 MP: 0/8
  1208 | D:2      | Learned a level 4 spell: Airstrike
  1252 | D:2      | You fall through a shaft for 2 floors!
  2021 | D:2      | Found a shimmering altar of Xom.
  2021 | D:2      | Found a shimmering altar of Xom.
  2050 | D:2      | Found a shimmering altar of Xom.
  2050 | D:2      | Found a shimmering altar of Xom.
  2071 | D:2      | Found a shimmering altar of Xom.
  2072 | D:2      | Found a shimmering altar of Xom.
  2366 | D:3      | Gained mutation: You can fly continuously. [Tengu growth]
  2366 | D:3      | Reached XP level 5. HP: 28/28 MP: 5/10
  2371 | D:3      | Reached skill level 5 in Air Magic
  2556 | D:3      | HP: 1/28 [orc/+0 hand axe (1)]
  3281 | D:4      | Found a shadowy altar of Dithmenos.
  3411 | D:4      | Reached XP level 6. HP: 31/32 MP: 10/11
  3720 | D:4      | Noticed Eustachio
  3731 | D:4      | Killed Eustachio
  3978 | D:4      | Found a blossoming altar of Fedhas.
  4214 | D:5      | Entered Level 5 of the Dungeon
  4235 | D:5      | Reached skill level 6 in Air Magic
  4235 | D:5      | Reached XP level 7. HP: 35/36 MP: 13/13
  4452 | D:5      | Reached skill level 5 in Conjurations
  4671 | D:5      | HP: 1/36 [sky beast (5)]
  4672 | D:5      | Gained mutation: You occasionally shout uncontrollably at
                  | your foes. [potion of mutation]
  4672 | D:5      | Gained mutation: Your magical capacity is low. (-10% MP)
                  | [potion of mutation]
  4672 | D:5      | Gained mutation: You are agile. (Dex +2) [potion of
                  | mutation]
  4672 | D:5      | Gained mutation: You possess an exceptional clarity of
                  | mind. [potion of mutation]
  4675 | D:5      | Slain by a sky beast

Skill      XL: |  1  2  3  4  5  6  7 |
---------------+----------------------+-----
Conjurations   | 2 3 4 5 |  5.1
Dodging        | 3 4 |  4.6
Air Magic      | 5 6 |  6.3
Spellcasting   | 3 4 |  4.0
Stealth        | |  2.0

Action                   |  1- 3 |  4- 6 |  7- 9 || total
-------------------------+-------+-------+-------++-------
Melee: Short sword       |    24 |    35 |    33 ||    92
       Kick              |     9 |     9 |     6 ||    24
       Peck              |     4 |     5 |     5 ||    14
 Cast: Shock             |    61 |    75 |    16 ||   152
       Static Discharge  |       |    12 |     5 ||    17
 Abil: Fly               |       |     1 |       ||     1
  Use: Potion            |       |     4 |     2 ||     6
       Scroll            |       |     7 |       ||     7
 Stab: Sleeping          |       |     1 |       ||     1
  Eat: Chunk             |     2 |     6 |     3 ||    11
       Ration            |       |     1 |       ||     1
Armor: Robe              |     1 |     4 |       ||     5
       Leather armour    |       |     1 |     7 ||     8
Dodge: Dodged            |    15 |    39 |    25 ||    79
